 Dungeon Crawl Stone Soup version 0.23.1 (webtiles) character file.

Game seed: 17760430251234969680

98 Fang the Skirmisher (level 4, -1/29 HPs)
             Began as a Gargoyle Berserker on Mar 11, 2019.
             Was a Believer of Trog.
             Slain by a kobold (2 damage)
             ... on level 3 of the Dungeon.
             The game lasted 00:01:59 (1717 turns).

Fang the Skirmisher (Gargoyle Berserker)            Turns: 1717, Time: 00:02:02

Health: -1/29      AC:  5    Str: 22    XL:     4   Next: 71%
Magic:  4/4        EV: 12    Int:  7    God:    Trog [**....]
Gold:   40         SH:  0    Dex:  9    Spells: 3/3 levels left

rFire    . . .     SeeInvis .   a - +0 hand axe
rCold    . . .     Gourm    .   (no shield)
rNeg     + . .     Faith    .   b - +0 animal skin
rPois    ∞         Spirit   .   (no helmet)
rElec    +         Reflect  .   (no cloak)
rCorr    .         Harm     .   (no gloves)
MR       .....                  (no boots)
Stlth    +.........             (no amulet)
HPRegen  0.09/turn              (no ring)
MPRegen  0.09/turn              (no ring)

@: no status effects
A: negative energy resistance 1, electricity resistance, unbreathing,
petrification resistance, rot immunity, AC +3
a: Berserk, Trog's Hand, Renounce Religion


You were on level 3 of the Dungeon.
You worshipped Trog.
Trog was pleased with you.
You were hungry.

You visited 1 branch of the dungeon, and saw 3 of its levels.

You collected 40 gold pieces.

Inventory:

Hand Weapons
 a - a +0 hand axe (weapon)
Armour
 b - a +0 animal skin (worn)
Scrolls
 d - a scroll of teleportation {unknown}
 e - 6 scrolls of identify {unknown}
 i - a scroll of enchant weapon {unknown}
 j - a scroll of fear {unknown}
 l - a scroll of fog {unknown}
Potions
 f - a potion of might {unknown}
 g - a potion of agility {unknown}
 h - a potion of flight {unknown}
Comestibles
 c - 4 rations
 k - 8 chunks of flesh


   Skills:
 + Level 4.1 Fighting
 + Level 3.2 Axes
 + Level 3.2 Armour
 + Level 2.3 Dodging


You had 3 spell levels left.
You didn't know any spells.
Your spell library was empty.

Dungeon Overview and Level Annotations

Branches:
Dungeon (3/15)

Altars:
Elyvilon
Makhleb
Vehumet

Annotations:
D:3 Grinder


Innate Abilities, Weirdness & Mutations

You are resistant to torment.
Your stone body is resilient. (AC +3)
You are immune to poison.
You resist negative energy. (rN+)
You are resistant to electric shocks. (rElec)
You can survive without breathing.
You are immune to petrification.
You are immune to rotting.


Message History

* * * LOW HITPOINT WARNING * * *
The rat barely misses you.
You can move again.
You closely miss the bat. You slash the bullfrog zombie!
You slash the adder skeleton!
You destroy the adder skeleton!
Trog accepts your kill.
You hit Grinder. You hit the kobold but do no damage. You hit the rat.
You kill the rat!
Trog accepts your kill.
You are feeling hungry.
The bat barely misses you. The bullfrog zombie hits you.
* * * LOW HITPOINT WARNING * * *
The kobold hits you.
* * * LOW HITPOINT WARNING * * *
Grinder gestures at you. You resist with significant effort.
The bullfrog zombie barely misses you.
Unknown command.
The bat misses you. The kobold hits you.
You die...

##.. .. .#
....... .#
..$..#. >.
....... .# ##
.⌠.⌠.#. .# ...
.......#.# ....
.....#5..#.....
.._...KZ.......
....?#†@.......
.....b.##.#....
.⌠.⌠.#. .# ...
....... # .
.....#. .......
.#.# ## ..


You could see Grinder, a bullfrog zombie, a bat and a kobold.

Vanquished Creatures
  4 adders (D:2)
  An adder skeleton (D:3)
  3 dart slugs (D:1)
  2 leopard geckos (D:1)
  5 giant cockroaches
  5 goblins
  A hobgoblin (D:1)
  7 jackals
  4 kobolds
  A quokka (D:2)
  4 bats
  7 frilled lizards
  9 rats
53 creatures vanquished.

Notes
Turn   | Place    | Note
-------+----------+-------------------------------------------
     0 | D:1      | Fang the Gargoyle Berserker began the quest for the Orb.
     0 | D:1      | Reached XP level 1. HP: 14/14 MP: 1/1
   123 | D:1      | Reached XP level 2. HP: 19/19 MP: 2/2
   230 | D:1      | Reached XP level 3. HP: 5/23 MP: 3/3
  1054 | D:2      | Reached ** piety under Trog
  1195 | D:2      | Reached XP level 4. HP: 19/29 MP: 4/4
  1477 | D:2      | Reached skill level 4 in Fighting
  1644 | D:2      | Found a burning altar of Makhleb.
  1644 | D:2      | Found a radiant altar of Vehumet.
  1706 | D:3      | Found a white marble altar of Elyvilon.
  1706 | D:3      | Noticed Grinder
  1709 | D:3      | Paralysed by Grinder for 7 turns
  1716 | D:3      | HP: 1/29 [kobold (2)]
  1717 | D:3      | Slain by a kobold

Skill      XL: |  1  2  3  4 |
---------------+-------------+-----
Axes           | 3 |  3.2
Dodging        | 2 |  2.3
Armour         | 3 |  3.2
Fighting       | 4 |  4.1

Action                   |  1- 3 |  4- 6 || total
-------------------------+-------+-------++-------
Melee: Hand axe          |   111 |    36 ||   147
Invok: Berserk           |     2 |       ||     2
 Stab: Sleeping          |     1 |       ||     1
  Eat: Chunk             |     2 |     2 ||     4
Armor: Animal skin       |    56 |    26 ||    82
Dodge: Dodged            |   123 |    34 ||   157
